 Dungeon Crawl Stone Soup version 0.29.1-15-g9cfb28693d (webtiles) character file.

Game seed: 15012406042334087300

19 ChiefBigBeans the Conjurer (level 2, -4/23 HPs)
             Began as a Draconian Conjurer on Feb 24, 2023.
             Frozen to death by an endoplasm (5 damage)
             ... on level 2 of the Dungeon.
             The game lasted 00:03:40 (1294 turns).

ChiefBigBeans the Conjurer (Draconian Conjurer)     Turns: 1294, Time: 00:03:40

Health: -4/23      AC:  4    Str:  9    XL:     2   Next: 55%
Magic:  1/5        EV: 14    Int: 18    God:
Gold:   65         SH:  6    Dex:  9    Spells: 4/5 levels left

rFire   . . .      SeeInvis .   g - +0 club
rCold   . . .      Faith    .   f - +0 kite shield
rNeg    . . .      Spirit   .   (body armour unavailable)
rPois   .          Reflect  .   (helmet restricted)
rElec   .          Harm     .   (no cloak)
rCorr   .          Rampage  .   (no gloves)
Will    .....                   (no boots)
Stlth   ++........              (no amulet)
HPRegen 0.07/turn               h - +4 ring of evasion
MPRegen 0.09/turn               (no ring)

@: very slightly contaminated
A: AC +4, unfitting armour, cold-blooded
a: no special abilities


You were on level 2 of the Dungeon.
You visited 1 branch of the dungeon, and saw 2 of its levels.

You collected 65 gold pieces.

Inventory:

Hand Weapons
 g - a +0 club (weapon)
Armour
 e - a +0 scale mail
 f - a +0 kite shield (worn)
Jewellery
 h - a +4 ring of evasion (left hand)
Scrolls
 d - a scroll of enchant weapon {unknown}
Potions
 b - a potion of ambrosia {unknown}
 c - 2 potions of mutation {unknown}


   Skills:
 + Level 1.0 Fighting
 - Level 1.8 Dodging
 - Level 1.8 Stealth
 + Level 0.5 Shields
 + Level 2.3 Spellcasting
 + Level 4.2 Conjurations


You had 4 spell levels left.
You knew the following spells:

 Your Spells              Type           Power      Damage    Failure   Level
a - Magic Dart            Conj           68%        1d6       11%         1

Your spell library contained the following spells:

 Spells                   Type           Power      Damage    Failure   Level
 Searing Ray              Conj           34%        2d5       17%         2
 Dazzling Flash           Conj/Hex       18%        N/A       61%         3
 Fulminant Prism          Conj/Hex       4%         3d6       95%         4
 Iskenderun's Mystic Bla  Conj/Tloc      9%         2d4       95%         4


Dungeon Overview and Level Annotations

Branches:
Dungeon (2/15)

Altars:

Shops:
D:1 (

Annotations:
D:2 Sigmund


Innate Abilities, Weirdness & Mutations

Your plain brown scales are hard. (AC +4)
You cannot fit into any form of body armour.
You are cold-blooded and may be slowed by cold attacks.


Message History

Press: ? - help, Q - select action Shift-Dir - straight line, f - Sigmund
Aim: Sigmund, wielding a +0 scythe and wearing a +0 robe (moderately wounded, 100% to hit)
The magic dart hits Sigmund.
Sigmund is heavily wounded.
You block the endoplasm's attack. Sigmund closely misses you.
The endoplasm completely misses you.
Aiming: Magic Dart (safe; 11% risk of failure)
Press: ? - help, Q - select action Shift-Dir - straight line, f/p - Sigmund
Aim: Sigmund, wielding a +0 scythe and wearing a +0 robe (heavily wounded, 100% to hit)
The magic dart hits Sigmund.
Sigmund is severely wounded.
You feel yourself speed up. You block Sigmund's attack.
The endoplasm barely misses you.
Aiming: Magic Dart (safe; 11% risk of failure)
Press: ? - help, Q - select action Shift-Dir - straight line, f/p - Sigmund
Aim: Sigmund, wielding a +0 scythe and wearing a +0 robe (severely wounded, 100% to hit)
You miscast Magic Dart.
You are very lightly contaminated with residual magic.
Nothing appears to happen.
The endoplasm hits you.
* * * LOW HITPOINT WARNING * * *
Sigmund hits you with a +0 scythe.
* * * LOW HITPOINT WARNING * * *
Aiming: Magic Dart (safe; 11% risk of failure)
Press: ? - help, Q - select action Shift-Dir - straight line, f/p - Sigmund
Aim: Sigmund, wielding a +0 scythe and wearing a +0 robe (severely wounded, 100% to hit)
The magic dart hits Sigmund.
Sigmund is severely wounded.
The endoplasm freezes you.
You are frozen.
* * * LOW HITPOINT WARNING * * *
Sigmund misses you.
Aiming: Magic Dart (safe; 11% risk of failure)
Press: ? - help, Q - select action Shift-Dir - straight line, f/p - Sigmund
Aim: Sigmund, wielding a +0 scythe and wearing a +0 robe (severely wounded, 100% to hit)
The magic dart hits Sigmund.
Sigmund is severely wounded.
The endoplasm freezes you.
You are frozen.
You die...

#.# #.# #.# #.#
#.#
##.#.##.########
........>......#
##.#####.#####.#
#....@@.# #.#
......J......#.#
##..####.###.#.#
... #.# #.# #
#.# #.# #?# #.#
#.# #(# #...###
.# #.## #...#..
#..#


You could see Sigmund and an endoplasm.

Vanquished Creatures
  A worm (D:2)
  A ball python (D:1)
  A bat (D:1)
  An endoplasm (D:1)
  3 giant cockroaches
  A goblin (D:1)
  A hobgoblin (D:1)
  2 frilled lizards (D:1)
  2 kobolds (D:1)
  2 rats (D:1)
15 creatures vanquished.

Notes
Turn   | Place    | Note
-------+----------+-------------------------------------------
     0 | D:1      | ChiefBigBeans the Draconian Conjurer began the quest for
                  | the Orb.
     0 | D:1      | Reached XP level 1. HP: 14/14 MP: 3/3
   473 | D:1      | Reached XP level 2. HP: 22/22 MP: 3/5
   888 | D:1      | Found Imae's Weapon Boutique.
   940 | D:1      | Found a faded altar of an unknown god.
   981 | D:1      | Reached skill level 1 in Fighting
  1279 | D:2      | Noticed Sigmund
  1293 | D:2      | HP: 1/23 [frozen (3)]
  1294 | D:2      | Frozen to death by an endoplasm

Illustrated notes

Levels and vault maps discovered:
D:1:      amcnicky_arrival_wind_blow, layout_basic,
          shapermc_ecumenical_altar_hornbeckon, serial_shops,
          nicolae_shop_bloodbath_and_beyond, minmay_stone_trees_small
D:2:      layout_basic, basic_altar, minmay_worlds_worst_comb, uniq_terence,
          uniq_sigmund

Skill      XL: |  1  2 |
---------------+-------+-----
Fighting       | 1 |  1.0
Dodging        | |  1.8
Stealth        | |  1.8
Shields        | |  0.5
Spellcasting   | |  2.3
Conjurations   | |  4.2

Action                   || total
-------------------------++-------
Melee: Club              ||    14
       Unarmed           ||     3
       Tailslap          ||     2
 Cast: Magic Dart        ||    36
  Use: Scroll            ||     2
       Potion            ||     1
Armor: Skin              ||     6
Dodge: Dodged            ||    11
Block: Kite shield       ||     6
